Map: Winter Madness LE

Players

Midaraine - Winner!

  • Race: Protoss Protoss
  • Spawn Location: 11:00

VOD

Have the link to the VOD?

Description

Time

  • Played on: June 19, 2026, 3:23 p.m.
  • Length: 16:37
Show
View Real Time Build Order
Export as new Build Order

Midaraine Protoss - Winner!

Build Orders:  

Get SALT Encoding   

  12  0:01  Probe (Chrono Boost)  
  13  0:23  Pylon  
  14  0:30  Probe (Chrono Boost)  
  14  0:47  Probe (Chrono Boost)  
  15  1:02  Assimilator  
  15  1:04  Probe (Chrono Boost)  
  17  1:21  Probe (Chrono Boost)  
  17  1:23  Gateway  
  17  1:37  Probe (Chrono Boost)  
  18  1:48  Probe (Chrono Boost)  
  19  2:02  Probe (Chrono Boost)  
  19  2:08  Pylon  
  20  2:38  Cybernetics Core  
  21  2:40  Probe (Chrono Boost)  
  21  2:57  Probe (Chrono Boost)  
  22  3:12  Nexus  
  22  3:14  Probe (Chrono Boost)  
  24  3:31  Probe (Chrono Boost)  
  24  3:40  Twilight Council  
  24  3:49  Assimilator  
  24  3:57  Probe (Chrono Boost)  
  25  4:09  Probe (Chrono Boost)  
  26  4:21  Probe (Chrono Boost)  
  27  4:34  Probe (Chrono Boost)  
  29  4:51  Probe (Chrono Boost)  
  29  4:58  Probe (Chrono Boost)  
  30  5:08  Probe (Chrono Boost)  
  31  5:15  Probe (Chrono Boost)  
  32  5:21  Robotics Facility  
  32  5:44  Assimilator  
  32  5:50  Stalker  
  32  5:57  Charge  
  34  6:23  Probe x2 (Chrono Boost)  
  36  6:39  Probe (Chrono Boost)  
  38  6:40  Probe (Chrono Boost)  
  38  6:42  Warp Gate  
  38  7:12  Assimilator  
  38  7:19  Probe x2 (Chrono Boost)  
  40  7:36  Probe (Chrono Boost)  
  41  8:06  Stalker  
  45  8:30  Probe x2 (Chrono Boost)  
  45  8:47  Probe (Chrono Boost)  
  46  9:08  Pylon  
  46  9:10  Pylon  
  46  9:12  Pylon  
  46  9:15  Pylon  
  46  9:36  Probe x2 (Chrono Boost)  
  48  9:43  Gateway  
  48  9:44  Gateway  
  48  9:45  Gateway  
  48  9:46  Gateway  
  48  9:52  Gateway  
  48  9:53  Probe (Chrono Boost)  
  49  10:06  Gateway  
  49  10:31  Stalker  
  51  11:10  Immortal  
  55  11:33  Robotics Facility  
  55  11:39  Robotics Facility  
  55  11:42  Zealot  
  55  11:43  Zealot x2  
  55  11:44  Zealot  
  55  11:45  Zealot  
  55  11:46  Zealot  
  55  11:47  Zealot  
  69  11:57  Pylon  
  69  12:01  Pylon  
  69  12:05  Immortal  
  69  12:06  Pylon  
  73  12:28  Zealot x2  
  73  12:29  Zealot  
  79  12:30  Zealot  
  79  12:31  Zealot  
  79  12:32  Zealot  
  79  12:34  Zealot  
  87  12:51  Immortal x2  
  87  12:58  Zealot  
  97  13:00  Immortal  
  97  13:04  Pylon  
  97  13:07  Pylon  
  101  13:10  Pylon  
  101  13:14  Pylon  
  101  13:18  Pylon  
  101  13:34  Pylon  
  101  13:38  Pylon  
  101  13:41  Pylon  
  101  13:43  Zealot  
  101  13:44  Zealot  
  101  13:45  Zealot x2  
  101  13:46  Immortal x2, Zealot  
  101  13:47  Zealot  
  101  13:48  Zealot  
  123  14:12  Zealot  
  123  14:13  Zealot x2  
  123  14:15  Zealot x2  
  123  14:16  Zealot  
  123  14:17  Zealot  
  137  14:55  Pylon  
  137  14:58  Pylon  
  137  15:01  Pylon  
Tags
 
Add a new tag
Caveats
  • Supply blocks, unpowered buildings, or Contaminate may cause inaccurate times.
  • Supply counts are checked every 10 seconds.